[ AOE2 MATCH · #480461405 ]
UnrankedHuns vs Persians
[ REPLAY ANALYSIS · EXTRACTED FROM THE RECORDED GAME ]
Feudal
12:27
Castle
22:50
Imperial
38:15
| APM avg | 12.3 |
| APM peak | 44 |
| eAPM avg | 9.9 |
| Villagers / military | 146 / 799 |
Focus
⚔️ 46.3% · 🌾 53.7%
Spearman ×334 · Knight ×308 · Scout Cavalry ×71 · Tarkan ×55 · Trade Cart ×35 · Trebuchet (Packed) ×28
Feudal
—
Castle
—
Imperial
—
| APM avg | 0.3 |
| APM peak | 22 |
| eAPM avg | 0.2 |
| Villagers / military | 8 / 0 |
Focus
⚔️ 0.0% · 🌾 100.0%
Feudal
—
Castle
—
Imperial
—
| APM avg | 1.9 |
| APM peak | 66 |
| eAPM avg | 0.4 |
| Villagers / military | 8 / 0 |
Focus
⚔️ 9.7% · 🌾 90.3%
Feudal
12:11
Castle
17:58
Imperial
33:12
| APM avg | 19.9 |
| APM peak | 54 |
| eAPM avg | 14.0 |
| Villagers / military | 143 / 1011 |
Focus
⚔️ 47.6% · 🌾 52.4%
Knight ×346 · Spearman ×318 · Scout Cavalry ×290 · Trade Cart ×45 · Trebuchet (Packed) ×30 · Scorpion ×27
Feudal
15:40
Castle
24:15
Imperial
35:46
| APM avg | 12.3 |
| APM peak | 37 |
| eAPM avg | 10.5 |
| Villagers / military | 184 / 1075 |
Focus
⚔️ 39.3% · 🌾 60.7%
Spearman ×815 · Huskarl ×245 · Trebuchet (Packed) ×15 · Trade Cart ×5
Feudal
—
Castle
—
Imperial
—
| APM avg | 18.4 |
| APM peak | 82 |
| eAPM avg | 13.9 |
| Villagers / military | 112 / 992 |
Focus
⚔️ 49.3% · 🌾 50.7%
Scout Cavalry ×363 · Knight ×179 · Cavalry Archer ×171 · Spearman ×157 · Skirmisher ×48 · Tarkan ×46
Match map
Initial resources + every placement click. Lines = walls · curves = elevation contours. ◆ gold · ⬟ stone · ● berries · ✦ relic · ◌ wall gap
Your base· ✓ Closed at 22:50 · 70t walls · 6 gate(s)
ThePriest10's base· Open — opponent sealed themselves in
Twixxo's base· ✓ Closed at 12:00 · 0t walls · no gate
even star's base· ✓ Closed at 17:58 · 0t walls · no gate
ॐPixoॐ's base· ✓ Closed at 24:15 · 0t walls · no gate
NAPOLEON1096's base· ✓ Closed at 26:32 · 91t walls · no gate
Smoothed initial terrain · ◌ = detected wall gap · hover for details
Inputs per minute
— z.chart12 - - ThePriest10
Build order — z.chart12
First 150 of 541 actions detected
| 0:04 | Create | Villager (Male) ×4 |
| 0:04 | Create | Villager (Male) ×4 |
| 1:30 | Create | Villager (Male) |
| 2:53 | Create | Villager (Male) |
| 2:53 | Create | Villager (Male) |
| 2:53 | Create | Villager (Male) |
| 3:33 | Create | Villager (Male) |
| 3:33 | Create | Villager (Male) |
| 4:45 | Create | Villager (Male) |
| 4:45 | Create | Villager (Male) |
| 4:45 | Create | Villager (Male) |
| 5:22 | Create | Villager (Male) |
| 5:22 | Create | Villager (Male) |
| 5:37 | Create | Villager (Male) |
| 6:29 | Create | Villager (Male) |
| 6:29 | Create | Villager (Male) |
| 6:29 | Create | Villager (Male) |
| 6:30 | Create | Villager (Male) |
| 6:30 | Create | Villager (Male) |
| 6:47 | Create | Villager (Male) |
| 6:47 | Create | Villager (Male) |
| 7:22 | Build | Lumber Camp |
| 8:07 | Create | Villager (Male) |
| 8:07 | Create | Villager (Male) |
| 8:26 | Build | Barracks |
| 9:33 | Build | Mill |
| 10:17 | Research | Feudal Age |
| 10:37 | Build | Mining Camp |
| 10:59 | Build | Palisade Wall |
| 11:07 | Build | Palisade Gate |
| 11:16 | Create | Villager (Male) ×5 |
| 11:18 | Create | Villager (Male) ×3 |
| 12:27 | Age | Feudal Age |
| 12:28 | Research | Double-Bit Axe |
| 12:28 | Research | Double-Bit Axe |
| 12:29 | Research | Horse Collar |
| 13:05 | Build | Market |
| 13:07 | Build | Market |
| 13:09 | Build | Blacksmith |
| 13:40 | Build | Stone Wall |
| 13:43 | Build | Gate |
| 13:46 | Build | Gate |
| 13:48 | Build | Gate |
| 14:19 | Build | Barracks |
| 14:21 | Build | Barracks |
| 14:32 | Build | Farm |
| 14:33 | Create | Villager (Male) |
| 14:33 | Create | Villager (Male) |
| 14:34 | Create | Villager (Male) |
| 14:34 | Create | Villager (Male) |
| 14:34 | Create | Villager (Male) |
| 14:36 | Build | Farm |
| 14:45 | Build | Farm |
| 15:06 | Build | Lumber Camp |
| 15:23 | Build | Farm |
| 15:48 | Create | Villager (Male) |
| 15:49 | Create | Villager (Male) |
| 16:28 | Build | Stone Wall |
| 16:31 | Build | Gate |
| 16:34 | Build | Gate |
| 17:03 | Create | Villager (Male) |
| 17:03 | Create | Villager (Male) |
| 17:04 | Create | Villager (Male) |
| 17:04 | Create | Villager (Male) |
| 17:07 | Build | Farm |
| 17:52 | Build | Mining Camp |
| 18:15 | Build | Farm |
| 18:16 | Build | Farm |
| 18:18 | Build | Farm |
| 18:20 | Build | Farm |
| 18:23 | Build | Farm |
| 18:31 | Build | Farm |
| 20:10 | Research | Castle Age |
| 20:51 | Build | Barracks |
| 22:47 | Build | Lumber Camp |
| 22:50 | Age | Castle Age |
| 22:54 | Build | Town Center |
| 23:02 | Build | Town Center |
| 23:12 | Build | Town Center |
| 23:28 | Research | Stone Mining |
| 23:28 | Research | Gold Mining |
| 23:33 | Research | Wheelbarrow |
| 23:35 | Research | Loom |
| 23:36 | Create | Villager (Male) ×5 |
| 23:40 | Create | Villager (Male) |
| 23:54 | Research | Bow Saw |
| 24:28 | Research | Heavy Plow |
| 24:36 | Build | Barracks |
| 24:38 | Build | Barracks |
| 24:43 | Build | Barracks |
| 25:08 | Build | Mining Camp |
| 25:19 | Create | Villager (Male) |
| 25:20 | Create | Villager (Male) |
| 25:20 | Create | Villager (Male) |
| 25:23 | Create | Villager (Male) |
| 25:23 | Create | Villager (Male) |
| 25:32 | Build | Farm |
| 25:34 | Build | Farm |
| 25:37 | Create | Villager (Male) |
| 25:37 | Create | Villager (Male) |
| 25:48 | Build | Farm |
| 25:49 | Build | Farm |
| 26:11 | Create | Villager (Male) |
| 26:12 | Create | Villager (Male) |
| 26:13 | Create | Villager (Male) |
| 26:30 | Create | Villager (Male) |
| 26:37 | Build | Farm |
| 26:50 | Create | Villager (Male) |
| 26:53 | Create | Villager (Male) |
| 26:54 | Create | Villager (Male) |
| 27:07 | Build | Farm |
| 27:08 | Build | Farm |
| 27:11 | Build | Farm |
| 27:15 | Build | Farm |
| 27:18 | Build | Farm |
| 27:20 | Build | Farm |
| 27:26 | Build | Farm |
| 27:30 | Build | Farm |
| 27:33 | Create | Villager (Male) |
| 27:34 | Create | Villager (Male) |
| 27:37 | Create | Villager (Male) |
| 27:38 | Create | Villager (Male) |
| 27:42 | Create | Villager (Male) |
| 27:44 | Create | Villager (Male) |
| 27:54 | Create | Villager (Male) |
| 27:54 | Create | Villager (Male) |
| 27:59 | Create | Villager (Male) |
| 28:00 | Create | Villager (Male) |
| 28:11 | Build | Castle |
| 28:29 | Build | Stable |
| 28:31 | Build | Stable |
| 28:33 | Build | Stable |
| 28:36 | Build | Stable |
| 28:52 | Research | Caravan |
| 28:53 | Create | Trade Cart |
| 28:54 | Create | Trade Cart |
| 28:59 | Create | Villager (Male) ×5 |
| 29:09 | Create | Villager (Male) |
| 29:11 | Create | Villager (Male) |
| 29:19 | Create | Villager (Male) |
| 29:19 | Create | Villager (Male) |
| 29:20 | Create | Villager (Male) |
| 29:22 | Create | Villager (Male) |
| 29:24 | Create | Villager (Male) |
| 29:37 | Create | Villager (Male) |
| 29:37 | Create | Villager (Male) |
| 29:47 | Create | Villager (Male) |
| 29:47 | Create | Villager (Male) |
| 29:48 | Create | Villager (Male) |
| 30:19 | Create | Trade Cart ×5 |
Build order — ThePriest10
14 actions detected in the replay
| 0:08 | Build | House |
| 0:11 | Create | Villager (Male) |
| 0:12 | Research | Loom |
| 0:12 | Create | Villager (Male) |
| 0:13 | Create | Villager (Male) |
| 0:13 | Create | Villager (Male) |
| 0:13 | Create | Villager (Male) |
| 0:13 | Create | Villager (Male) |
| 0:50 | Build | House |
| 0:55 | Build | House |
| 0:56 | Build | House |
| 1:01 | Build | Lumber Camp |
| 1:35 | Create | Villager (Male) |
| 2:36 | Create | Villager (Male) |
Build order — Twixxo
11 actions detected in the replay
| 0:02 | Create | Villager (Male) |
| 0:04 | Build | House |
| 0:24 | Create | Villager (Male) |
| 0:29 | Build | House |
| 1:01 | Create | Villager (Male) |
| 1:22 | Create | Villager (Male) |
| 1:28 | Create | Villager (Male) |
| 1:35 | Build | House |
| 2:32 | Create | Villager (Male) |
| 2:49 | Create | Villager (Male) |
| 2:54 | Create | Villager (Male) |
Build order — even star
First 150 of 640 actions detected
| 0:13 | Build | House |
| 0:16 | Build | House |
| 0:17 | Build | House |
| 0:19 | Build | House |
| 0:21 | Research | Loom |
| 0:22 | Create | Villager (Male) ×4 |
| 2:42 | Build | Mill |
| 2:44 | Create | Villager (Male) |
| 2:44 | Create | Villager (Male) |
| 3:08 | Create | Villager (Male) |
| 3:19 | Create | Villager (Male) |
| 3:19 | Create | Villager (Male) |
| 3:52 | Create | Villager (Male) |
| 4:15 | Create | Villager (Male) |
| 4:39 | Create | Villager (Male) |
| 4:57 | Create | Villager (Male) |
| 5:10 | Create | Villager (Male) |
| 5:41 | Create | Villager (Male) |
| 5:51 | Create | Villager (Male) |
| 5:52 | Create | Villager (Male) |
| 6:53 | Build | Mule Cart |
| 7:11 | Create | Villager (Male) |
| 7:43 | Create | Villager (Male) |
| 8:11 | Create | Villager (Male) |
| 8:32 | Create | Villager (Male) |
| 9:09 | Create | Villager (Male) |
| 9:36 | Create | Villager (Male) |
| 9:39 | Build | Farm |
| 9:46 | Build | House |
| 9:48 | Build | House |
| 9:55 | Research | Feudal Age |
| 10:04 | Build | Farm |
| 12:11 | Age | Feudal Age |
| 12:18 | Build | Barracks |
| 12:22 | Create | Villager (Male) |
| 12:23 | Create | Villager (Male) |
| 12:37 | Build | Blacksmith |
| 12:55 | Build | Market |
| 12:59 | Build | Farm |
| 13:01 | Create | Villager (Male) |
| 13:17 | Create | Villager (Male) |
| 13:42 | Build | Watch Tower |
| 14:03 | Create | Villager (Male) |
| 14:10 | Create | Villager (Male) |
| 14:32 | Build | Stable |
| 14:49 | Create | Villager (Male) |
| 15:00 | Research | Castle Age |
| 15:36 | Build | Farm |
| 15:39 | Build | Farm |
| 15:44 | Build | Farm |
| 15:47 | Build | Farm |
| 16:00 | Research | Double-Bit Axe |
| 16:08 | Research | Horse Collar |
| 16:29 | Build | House |
| 17:58 | Age | Castle Age |
| 18:19 | Create | Villager (Male) |
| 18:26 | Create | Villager (Male) |
| 18:27 | Create | Villager (Male) |
| 19:17 | Build | Town Center |
| 19:38 | Create | Villager (Male) |
| 19:38 | Create | Villager (Male) |
| 19:43 | Build | House |
| 19:45 | Build | House |
| 19:47 | Build | House |
| 19:57 | Build | House |
| 19:58 | Build | House |
| 20:01 | Build | House |
| 20:20 | Create | Villager (Male) |
| 20:22 | Create | Villager (Male) |
| 20:23 | Create | Villager (Male) |
| 20:26 | Create | Villager (Male) |
| 20:26 | Create | Villager (Male) |
| 20:29 | Create | Villager (Male) |
| 20:52 | Build | Monastery |
| 21:03 | Create | Villager (Male) |
| 21:03 | Create | Villager (Male) |
| 21:03 | Create | Villager (Male) |
| 21:37 | Build | Town Center |
| 21:44 | Create | Villager (Male) |
| 21:46 | Create | Villager (Male) |
| 21:59 | Build | Mule Cart |
| 22:29 | Build | University |
| 22:34 | Create | Villager (Male) |
| 22:35 | Create | Villager (Male) |
| 22:37 | Create | Villager (Male) |
| 22:40 | Create | Villager (Male) |
| 22:41 | Create | Villager (Male) |
| 22:53 | Research | Heavy Plow |
| 22:55 | Research | Bow Saw |
| 23:11 | Research | Gold Mining |
| 23:16 | Research | Stone Mining |
| 23:21 | Create | Villager (Male) |
| 23:23 | Research | Wheelbarrow |
| 23:24 | Create | Villager (Male) |
| 23:24 | Create | Villager (Male) |
| 23:32 | Create | Villager (Male) |
| 23:33 | Create | Villager (Male) |
| 23:34 | Create | Villager (Male) |
| 23:41 | Create | Villager (Male) |
| 23:41 | Create | Villager (Male) |
| 23:41 | Create | Villager (Male) |
| 23:59 | Build | Farm |
| 24:00 | Build | Farm |
| 24:02 | Build | Farm |
| 24:03 | Build | Farm |
| 24:05 | Build | Farm |
| 24:07 | Build | Farm |
| 24:08 | Build | Farm |
| 24:10 | Build | Farm |
| 24:11 | Build | Farm |
| 24:14 | Build | Farm |
| 24:19 | Build | Farm |
| 24:32 | Create | Villager (Male) |
| 24:33 | Create | Villager (Male) |
| 24:37 | Create | Villager (Male) |
| 24:39 | Create | Villager (Male) |
| 24:39 | Create | Villager (Male) |
| 24:58 | Create | Villager (Male) |
| 25:01 | Create | Villager (Male) |
| 25:09 | Create | Villager (Male) |
| 25:22 | Build | Farm |
| 25:24 | Build | Farm |
| 25:27 | Build | Farm |
| 25:28 | Build | Farm |
| 25:31 | Build | Farm |
| 25:32 | Build | Farm |
| 25:35 | Build | Farm |
| 25:41 | Build | Farm |
| 25:45 | Build | Farm |
| 25:46 | Build | Farm |
| 25:49 | Build | Farm |
| 25:59 | Create | Villager (Male) |
| 26:01 | Create | Villager (Male) |
| 26:01 | Create | Villager (Male) |
| 26:02 | Create | Villager (Male) |
| 26:27 | Create | Villager (Male) |
| 26:28 | Create | Villager (Male) |
| 26:30 | Create | Villager (Male) |
| 26:31 | Create | Villager (Male) |
| 26:47 | Build | Farm |
| 26:48 | Build | Farm |
| 26:51 | Build | Farm |
| 27:10 | Build | Farm |
| 27:12 | Build | Farm |
| 27:41 | Research | Treadmill Crane |
| 27:52 | Build | Mule Cart |
| 27:57 | Create | Villager (Male) |
| 28:00 | Research | Hand Cart |
| 28:01 | Create | Villager (Male) |
| 28:08 | Build | Mule Cart |
Build order — ॐPixoॐ
First 150 of 632 actions detected
| 0:02 | Create | Villager (Male) |
| 0:16 | Build | House |
| 0:21 | Build | House |
| 0:24 | Create | Villager (Male) |
| 0:29 | Create | Villager (Male) |
| 0:47 | Create | Villager (Male) |
| 1:58 | Create | Villager (Male) |
| 2:38 | Create | Villager (Male) |
| 2:59 | Create | Villager (Male) |
| 3:22 | Create | Villager (Male) |
| 4:06 | Create | Villager (Male) |
| 4:38 | Create | Villager (Male) |
| 4:38 | Create | Villager (Male) |
| 4:52 | Build | House |
| 4:53 | Build | House |
| 4:55 | Build | House |
| 5:07 | Build | House |
| 5:22 | Create | Villager (Male) |
| 5:22 | Create | Villager (Male) |
| 6:04 | Create | Villager (Male) |
| 6:05 | Create | Villager (Male) |
| 6:17 | Build | Lumber Camp |
| 6:31 | Build | House |
| 6:33 | Build | House |
| 6:44 | Create | Villager (Male) |
| 6:45 | Create | Villager (Male) |
| 7:00 | Create | Villager (Male) |
| 7:57 | Create | Villager (Male) |
| 7:57 | Create | Villager (Male) |
| 8:13 | Build | House |
| 8:36 | Create | Villager (Male) |
| 9:19 | Build | House |
| 9:20 | Build | House |
| 9:22 | Build | House |
| 9:27 | Create | Villager (Male) |
| 9:48 | Create | Villager (Male) |
| 10:16 | Create | Villager (Male) |
| 10:27 | Create | Villager (Male) |
| 11:11 | Build | Mining Camp |
| 11:27 | Create | Villager (Male) |
| 11:27 | Create | Villager (Male) |
| 12:02 | Create | Villager (Male) |
| 12:33 | Create | Villager (Male) |
| 12:47 | Create | Villager (Male) |
| 13:00 | Build | Mining Camp |
| 13:30 | Research | Feudal Age |
| 13:31 | Create | Villager (Male) |
| 13:32 | Create | Villager (Male) |
| 15:40 | Age | Feudal Age |
| 16:05 | Create | Villager (Male) |
| 16:16 | Research | Stone Mining |
| 16:18 | Research | Double-Bit Axe |
| 16:34 | Build | Mill |
| 16:39 | Create | Villager (Male) |
| 16:40 | Create | Villager (Male) |
| 16:47 | Research | Gold Mining |
| 17:07 | Create | Villager (Male) |
| 17:48 | Create | Villager (Male) |
| 17:54 | Build | Market |
| 18:05 | Create | Villager (Male) |
| 18:14 | Create | Villager (Male) |
| 18:22 | Build | Blacksmith |
| 18:30 | Build | House |
| 18:31 | Build | House |
| 18:39 | Build | House |
| 18:41 | Build | House |
| 18:48 | Research | Loom |
| 18:48 | Create | Villager (Male) |
| 18:49 | Create | Villager (Male) |
| 19:00 | Create | Villager (Male) |
| 19:31 | Build | Farm |
| 19:59 | Build | Farm |
| 20:00 | Build | Farm |
| 20:01 | Build | Farm |
| 20:02 | Build | Farm |
| 20:03 | Build | Farm |
| 20:05 | Build | Farm |
| 20:06 | Build | Farm |
| 20:07 | Build | Farm |
| 20:09 | Build | Farm |
| 20:12 | Create | Villager (Male) |
| 20:13 | Create | Villager (Male) |
| 20:35 | Build | House |
| 20:58 | Build | Farm |
| 21:00 | Create | Villager (Male) |
| 21:01 | Create | Villager (Male) |
| 21:19 | Create | Villager (Male) |
| 21:35 | Research | Castle Age |
| 21:40 | Create | Villager (Male) |
| 21:41 | Create | Villager (Male) |
| 22:35 | Build | Mining Camp |
| 22:55 | Research | Fletching |
| 23:17 | Build | House |
| 23:18 | Build | House |
| 23:21 | Build | House |
| 23:28 | Build | House |
| 23:30 | Build | House |
| 23:31 | Build | House |
| 24:15 | Age | Castle Age |
| 24:21 | Build | University |
| 24:24 | Build | House |
| 24:25 | Build | House |
| 24:28 | Research | Bow Saw |
| 24:28 | Create | Villager (Male) |
| 24:29 | Research | Horse Collar |
| 24:30 | Create | Villager (Male) |
| 24:42 | Build | Town Center |
| 24:46 | Create | Villager (Male) |
| 24:59 | Build | Castle |
| 25:06 | Research | Stone Shaft Mining |
| 25:51 | Build | Town Center |
| 25:56 | Research | Heavy Plow |
| 25:58 | Create | Villager (Male) |
| 25:59 | Create | Villager (Male) |
| 26:19 | Build | Farm |
| 26:20 | Build | Farm |
| 26:26 | Build | Farm |
| 26:28 | Create | Villager (Male) |
| 26:30 | Research | Bodkin Arrow |
| 26:33 | Research | Murder Holes |
| 26:33 | Research | Ballistics |
| 26:40 | Build | Farm |
| 26:45 | Create | Villager (Male) |
| 26:55 | Build | Farm |
| 26:56 | Build | Farm |
| 26:57 | Build | Farm |
| 26:58 | Build | Farm |
| 26:59 | Build | Farm |
| 27:01 | Build | Farm |
| 27:02 | Build | Farm |
| 27:04 | Create | Villager (Male) |
| 27:07 | Create | Villager (Male) |
| 27:55 | Build | Farm |
| 27:59 | Create | Villager (Male) |
| 28:01 | Create | Villager (Male) |
| 28:01 | Create | Villager (Male) |
| 28:02 | Create | Villager (Male) |
| 28:02 | Create | Villager (Male) |
| 28:02 | Create | Villager (Male) |
| 28:03 | Create | Villager (Male) |
| 28:05 | Research | Wheelbarrow |
| 28:09 | Create | Villager (Male) |
| 28:11 | Create | Villager (Male) |
| 28:19 | Create | Villager (Male) |
| 28:25 | Build | Farm |
| 28:27 | Build | Farm |
| 28:28 | Build | Farm |
| 28:29 | Build | Farm |
| 28:32 | Create | Villager (Male) |
| 28:50 | Build | Farm |
Build order — NAPOLEON1096
First 150 of 573 actions detected
| 0:09 | Create | Villager (Male) |
| 0:10 | Create | Villager (Male) |
| 0:10 | Create | Villager (Male) |
| 0:10 | Create | Villager (Male) |
| 0:10 | Create | Villager (Male) |
| 0:10 | Create | Villager (Male) |
| 0:34 | Research | Loom |
| 1:32 | Create | Villager (Male) |
| 2:05 | Create | Villager (Male) |
| 2:05 | Create | Villager (Male) |
| 2:06 | Create | Villager (Male) |
| 2:37 | Create | Villager (Male) |
| 2:47 | Build | Lumber Camp |
| 3:38 | Create | Villager (Male) |
| 3:38 | Create | Villager (Male) |
| 3:53 | Create | Villager (Male) |
| 4:46 | Create | Villager (Male) |
| 5:08 | Build | Mill |
| 5:29 | Create | Villager (Male) |
| 5:29 | Create | Villager (Male) |
| 6:13 | Create | Villager (Male) |
| 7:26 | Create | Villager (Male) |
| 7:26 | Create | Villager (Male) |
| 8:53 | Create | Villager (Male) |
| 8:53 | Create | Villager (Male) |
| 8:54 | Create | Villager (Male) |
| 10:31 | Research | Feudal Age |
| 11:57 | Build | Mill |
| 12:12 | Build | Mining Camp |
| 12:55 | Create | Villager (Male) |
| 12:56 | Create | Villager (Male) |
| 12:56 | Create | Villager (Male) |
| 12:56 | Create | Villager (Male) |
| 12:57 | Research | Town Watch |
| 13:14 | Build | Mining Camp |
| 13:22 | Research | Double-Bit Axe |
| 13:27 | Build | Farm |
| 13:56 | Build | Stone Wall |
| 14:31 | Build | Mill |
| 14:48 | Create | Villager (Male) |
| 14:50 | Create | Villager (Male) |
| 14:50 | Create | Villager (Male) |
| 15:26 | Create | Villager (Male) |
| 15:35 | Create | Villager (Male) |
| 15:35 | Create | Villager (Male) |
| 15:46 | Build | Watch Tower |
| 16:15 | Create | Villager (Male) |
| 16:58 | Create | Villager (Male) |
| 17:00 | Create | Villager (Male) |
| 17:18 | Create | Villager (Male) |
| 17:19 | Research | Wheelbarrow |
| 17:32 | Build | Stone Wall |
| 17:45 | Create | Villager (Male) |
| 18:09 | Build | Barracks |
| 18:13 | Build | Barracks |
| 18:24 | Build | Market |
| 18:31 | Create | Villager (Male) |
| 18:32 | Create | Villager (Male) |
| 18:56 | Create | Villager (Male) |
| 18:56 | Create | Villager (Male) |
| 20:29 | Create | Villager (Male) |
| 20:29 | Create | Villager (Male) |
| 20:34 | Research | Stone Mining |
| 20:35 | Research | Gold Mining |
| 21:27 | Build | Archery Range |
| 21:29 | Build | Archery Range |
| 21:39 | Build | Watch Tower |
| 21:50 | Build | Stone Wall |
| 22:13 | Build | Mining Camp |
| 22:58 | Build | Farm |
| 22:59 | Build | Farm |
| 23:01 | Build | Farm |
| 23:10 | Build | Farm |
| 23:11 | Build | Farm |
| 23:12 | Build | Farm |
| 23:18 | Create | Villager (Male) |
| 23:18 | Create | Villager (Male) |
| 23:18 | Create | Villager (Male) |
| 23:19 | Create | Villager (Male) |
| 23:19 | Create | Villager (Male) |
| 23:19 | Create | Villager (Male) |
| 23:19 | Create | Villager (Male) |
| 23:20 | Create | Villager (Male) |
| 23:51 | Build | Stone Wall |
| 24:04 | Build | Stable |
| 24:11 | Create | Villager (Male) |
| 24:25 | Build | Outpost |
| 24:57 | Research | Bloodlines |
| 25:20 | Build | Stone Wall |
| 25:50 | Build | Blacksmith |
| 26:24 | Build | Outpost |
| 26:32 | Research | Castle Age |
| 26:39 | Research | Horse Collar |
| 26:46 | Create | Trade Cart |
| 27:00 | Build | Mining Camp |
| 27:12 | Build | Outpost |
| 28:02 | Create | Trade Cart |
| 28:25 | Build | Stable |
| 28:36 | Build | Stone Wall |
| 28:46 | Build | Stone Wall |
| 28:56 | Build | Stone Wall |
| 29:08 | Build | Stone Wall |
| 29:16 | Build | Stone Wall |
| 29:26 | Research | Bow Saw |
| 29:30 | Create | Villager (Male) |
| 29:30 | Create | Villager (Male) |
| 29:30 | Create | Villager (Male) |
| 29:31 | Research | Town Patrol |
| 29:38 | Research | Husbandry |
| 29:40 | Create | Knight |
| 29:41 | Create | Knight |
| 29:51 | Build | Castle |
| 30:04 | Research | Fletching |
| 30:18 | Build | Gate |
| 30:29 | Build | Town Center |
| 30:38 | Build | Gate |
| 30:43 | Create | Villager (Male) |
| 30:43 | Create | Villager (Male) |
| 30:43 | Create | Villager (Male) |
| 31:48 | Build | University |
| 31:55 | Research | Caravan |
| 32:10 | Build | Farm |
| 32:14 | Create | Villager (Male) ×2 |
| 32:14 | Create | Villager (Male) ×2 |
| 32:14 | Create | Villager (Male) ×2 |
| 32:22 | Build | Gate |
| 32:33 | Research | Heavy Plow |
| 33:04 | Build | Farm |
| 33:06 | Build | Farm |
| 33:17 | Build | Farm |
| 33:44 | Build | Lumber Camp |
| 33:52 | Create | Villager (Male) |
| 33:53 | Create | Villager (Male) |
| 33:53 | Create | Villager (Male) |
| 34:01 | Build | Farm |
| 34:26 | Build | Farm |
| 34:36 | Research | Masonry |
| 34:48 | Build | Farm |
| 34:49 | Build | Farm |
| 34:50 | Build | Farm |
| 34:52 | Build | Farm |
| 35:02 | Build | Farm |
| 35:03 | Build | Farm |
| 35:04 | Build | Farm |
| 35:09 | Create | Villager (Male) |
| 35:09 | Create | Villager (Male) |
| 35:09 | Create | Villager (Male) |
| 35:09 | Create | Villager (Male) |
| 35:27 | Create | Villager (Male) |
| 35:33 | Research | Marauders |
Match timeline
| 3:20 | ThePriest10 · resign |
| 8:26 | z.chart12 · first_building Barracks |
| 10:59 | z.chart12 · wall_segment Palisade Wall x21 |
| 12:11 | even star · age_up feudal |
| 12:18 | even star · first_building Barracks |
| 12:27 | z.chart12 · age_up feudal |
| 13:40 | z.chart12 · wall_segment Stone Wall x29 |
| 13:56 | NAPOLEON1096 · wall_segment Stone Wall x23 |
| 14:32 | even star · first_building Stable |
| 15:40 | ॐPixoॐ · age_up feudal |
| 16:28 | z.chart12 · wall_segment Stone Wall x20 |
| 17:32 | NAPOLEON1096 · wall_segment Stone Wall x25 |
| 17:38 | z.chart12 · first_market_sell 500 wood |
| 17:40 | z.chart12 · first_market_buy 100 food |
| 17:58 | even star · age_up castle |
| 18:09 | NAPOLEON1096 · first_building Barracks |
| 20:52 | even star · first_building Monastery |
| 21:27 | NAPOLEON1096 · first_building Archery Range |
| 21:50 | NAPOLEON1096 · wall_segment Stone Wall x25 |
| 22:50 | z.chart12 · age_up castle |
| 23:51 | NAPOLEON1096 · wall_segment Stone Wall x11 |
| 24:04 | NAPOLEON1096 · first_building Stable |
| 24:15 | ॐPixoॐ · age_up castle |
| 24:59 | ॐPixoॐ · first_building Castle |
| 25:20 | NAPOLEON1096 · wall_segment Stone Wall x33 |
| 28:11 | z.chart12 · first_building Castle |
| 28:29 | z.chart12 · first_building Stable |
| 28:36 | NAPOLEON1096 · wall_segment Stone Wall x17 |
| 28:46 | NAPOLEON1096 · wall_segment Stone Wall x7 |
| 28:56 | NAPOLEON1096 · wall_segment Stone Wall x21 |
| 29:08 | NAPOLEON1096 · wall_segment Stone Wall x5 |
| 29:12 | ॐPixoॐ · first_building Barracks |
| 29:16 | NAPOLEON1096 · wall_segment Stone Wall x13 |
| 29:51 | NAPOLEON1096 · first_building Castle |
| 33:10 | z.chart12 · first_building Archery Range |
| 33:12 | even star · age_up imperial |
| 34:26 | z.chart12 · first_building Monastery |
| 35:14 | even star · first_building Siege Workshop |
| 35:46 | ॐPixoॐ · age_up imperial |
| 36:23 | even star · first_building Castle |
| 36:57 | even star · first_market_buy 100 wood |
| 36:59 | even star · first_market_sell 500 food |
| 38:15 | z.chart12 · age_up imperial |
| 54:16 | NAPOLEON1096 · first_market_buy 100 stone |
| 65:03 | even star · tribute_sent a jugador 1 |
| 65:03 | even star · tribute_sent a jugador 2 |
| 65:03 | even star · tribute_sent a jugador 3 |
| 65:03 | even star · tribute_sent a jugador 5 |
| 65:03 | even star · tribute_sent a jugador 6 |
| 86:49 | NAPOLEON1096 · first_building Monastery |
[ AI ANALYSIS · 1 CREDIT ]
What really happened in this match?
Wolo.gg analyzes every decision: build order, eco, micro, common mistakes by bracket. Personalized analysis on WhatsApp or Discord in 30 seconds.
Civ guide
Huns
Perfil
Jugador #14918359